cohdb
Replays
Latest Replays
All Replays
Popular Replays
Top Player Replays
Match Explorer
How It Works
Community
CoH3 Stats
Reddit
Sign in to upload your games and track your stats! →
Sign in with Steam
Match 26324206
Unlisted
Match 26324206
Overview
Messages
Build Orders
End
Construct Infanterie Kompanie
Kettenkrad Recon Vehicle
Selects Mechanized Battlegroup
MG 42 Machine Gun Team
MG 42 Machine Gun Team
Construct Luftwaffe Kompanie
221 Scout Car
Medical Bunker
Selects Mobile Repair Stations
221 Scout Car
Luftwaffe Officer Quarters
Jäger Squad
Support Elements
Wirbelwind Flakpanzer
Jäger Squad
Construct Panzergrenadier Kompanie
Selects Raid Package
Selects StuG Assault Group
MG 42 Bunker
StuG Assault Group
Selects Stoßtruppen Assault Package
Selects Zeroing Artillery Barrage
Construct Panzer Kompanie
Side Skirts
Panzer IV Medium Tank
Selects Panther Heavy Tank
Panther Heavy Tank
Wirbelwind Flakpanzer
Zeroing Artillery Barrage
Yogiman
NailBomb1979
Poli
Joraad
anubiz
somereal
marder17
The Old Guard
0
0
Comments
sign in to comment!
No comments posted yet!